 Dungeon Crawl Stone Soup version 0.28-a0-1447-ga5a8893891 (webtiles) character file.

Game seed: 8484259535158721973

753 HallandMoats the Skirmisher (level 7, -1/61 HPs)
             Began as a Ghoul Fighter on Jan 12, 2022.
             Was a Follower of Okawaru.
             Slain by an orc warrior (18 damage)
             ... on level 5 of the Dungeon.
             The game lasted 00:05:51 (4194 turns).

HallandMoats the Skirmisher (Ghoul Fighter)         Turns: 4194, Time: 00:05:52

Health: -1/61      AC:  6    Str: 20    XL:     7   Next: 79%
Magic:  8/8        EV: 11    Int:  3    God:    Okawaru [*.....]
Gold:   345        SH:  4    Dex: 10    Spells: 6/6 levels left

rFire   . . .      SeeInvis .   a - +2 hand axe (flame)
rCold   + . .      Faith    .   c - +0 buckler
rNeg    + + +      Spirit   .   e - +3 leather armour
rPois   ∞          Reflect  .   (no helmet)
rElec   .          Harm     .   i - scarf {shadows}
rCorr   .          Rampage  .   (no gloves)
Will    +....                   (no boots)
Stlth   ++........              q - amulet of the acrobat
HPRegen 0.00/turn               s - ring of willpower
MPRegen 0.11/turn               (no ring)

@: inhibited regen
A: claws 1, cold resistance 1, negative energy resistance 3, inhibited
regeneration, torment resistance 2
a: Renounce Religion, Heroism


You were on level 5 of the Dungeon.
You worshipped Okawaru.
Okawaru was aware of your devotion.
You visited 2 branches of the dungeon, and saw 6 of its levels.

You collected 345 gold pieces.

Inventory:

Hand Weapons
 a - a +2 hand axe of flaming (weapon)
 b - a +0 dagger of venom
Armour
 c - a +0 buckler (worn)
 e - a +3 leather armour (worn)
 i - a scarf of shadows (worn)
Jewellery
 o - a ring of ice
 q - an amulet of the acrobat (around neck)
 s - a ring of willpower (left claw)
Scrolls
 j - 2 scrolls of fear {unknown}
 l - 3 scrolls of identify {unknown}
 n - 2 scrolls of immolation {unknown}
 p - a scroll of acquirement {unknown}
 t - 3 scrolls of silence {unknown}
Potions
 d - a potion of might
 f - a potion of magic {unknown}
 g - a potion of haste {unknown}
 h - a potion of mutation {unknown}
 k - a potion of lignification {unknown}
 m - 3 potions of attraction {unknown}
 r - a potion of cancellation {unknown}


   Skills:
 * Level 5.4 Fighting
 * Level 4.0 Axes
 + Level 3.6 Armour
 + Level 2.1 Dodging
 - Level 2.0 Stealth
 + Level 3.7 Shields
 * Level 3.2 Invocations


You had 6 spell levels left.
You didn't know any spells.
Your spell library contained the following spells:

 Spells                   Type           Power      Damage    Failure   Level
 Pain                     Necr           0%         1d4       67%         1
 Agony                    Necr           0%         N/A       100%        5
 Excruciating Wounds      Necr           0%         N/A       100%        5


Dungeon Overview and Level Annotations

Branches:
Dungeon (5/15)             Temple (1/1) D:4

Altars:
Ashenzari
Cheibriados
Dithmenos
Elyvilon
Fedhas
Hepliaklqana
Kikubaaqudgha
Nemelex Xobeh
Okawaru
Qazlal
Ru
Sif Muna
Trog
Uskayaw
Yredelemnul
Zin

Annotations:
D:3 1 transporter, ticklebelly's ghost, weakling MiBe


Innate Abilities, Weirdness & Mutations

You thrive by killing the living.
You are immune to poison.
You have sharp fingernails.
Your flesh is cold resistant. (rC+)
You are immune to negative energy. (rN+++)
You do not regenerate when monsters are visible.
You are immune to unholy pain and torment.


Message History

The centaur warrior zombie misses you.
You block the centaur warrior zombie's attack. x2
The centaur warrior zombie completely misses you.
The hound barks!
You hit the centaur warrior zombie. You burn the centaur warrior zombie.
The centaur warrior zombie is lightly damaged.
You hear a shout!
The centaur warrior zombie hits you.
The centaur warrior zombie kicks you but does no damage.
An orc warrior comes into view. It is wielding a +0 glaive.
You block the hound's attack.
There is an open door here.
Things that are here:
a +0 club; an orc corpse The hound completely misses you.
You closely miss the hound. The hound misses you. The hound barely misses you.
You barely miss the hound. The hound closely misses you.
You hit the hound. You burn the hound.
The hound is moderately wounded.
The hound bites you but does no damage. The hound bites you.
A hound zombie comes into view.
You closely miss the hound.
The hound is moderately wounded.
The hound closely misses you. You block the hound's attack.
You barely miss the hound.
The hound is moderately wounded.
The hound bites you but does no damage.
You closely miss the hound.
The hound is moderately wounded.
The hound barely misses you. The orc warrior barely misses you.
The hound bites you but does no damage.
You hit the hound. You burn the hound.
The hound is severely wounded.
You block the hound's attack.
The orc warrior hits you from afar with a +0 glaive!
* * * LOW HITPOINT WARNING * * *
The hound bites you.
* * * LOW HITPOINT WARNING * * *
The orc warrior hits you from afar with a +0 glaive!!
You die...

.##.# ..#.# ..#.# ##.
..#.## #..# # ..#..# .....
.. ..#.## ########....o $.
.....###......'..... .#.#
......##......########.$.#
.......#..##.Zoh@Z)))'..#
.......# #$.####'####..?.
.......# .....# ##....##
..
..<....#......###......##
.......#########..#..#..#
......#...>.#..#...##...#
.....#.........#...##...#
#####..........#..#..#..#
#..........##......##


You could see an orc warrior, a hound, a hound zombie and a centaur warrior
zombie.

Vanquished Creatures
  3 ogres
  A bullfrog (D:5)
  A water moccasin zombie (D:5)
  A hound (D:5)
  A jelly (D:5)
  A centaur skeleton (D:5)
  A gnoll shaman (D:4)
  Jessica (D:2)
  Terence (D:2)
  Ijyb (D:5)
  An iguana (D:5)
  A hound skeleton (D:5)
  3 adders
  3 gnolls (D:4)
  A howler monkey skeleton (D:4)
  2 white imps (D:5)
  2 adder skeletons (D:4)
  A dart slug (D:3)
  5 orcs (D:5)
  10 ball pythons
  3 endoplasms
  4 goblins
  4 hobgoblins
  8 jackals (D:2)
  4 quokkas
  4 bats
  3 frilled lizards
  5 kobolds
76 creatures vanquished.

Notes
Turn   | Place    | Note
-------+----------+-------------------------------------------
     0 | D:1      | HallandMoats the Ghoul Fighter began the quest for the Orb.
     0 | D:1      | Reached XP level 1. HP: 19/19 MP: 0/0
   197 | D:1      | Found a faded altar of an unknown god.
   202 | D:1      | Reached XP level 2. HP: 26/26 MP: 1/1
  1064 | D:2      | Reached XP level 3. HP: 12/31 MP: 2/2
  1254 | D:2      | Noticed Jessica
  1273 | D:2      | Reached skill level 1 in Stealth
  1286 | D:2      | Killed Jessica
  1293 | D:2      | Reached XP level 4. HP: 39/40 MP: 3/3
  1355 | D:2      | Noticed Terence
  1370 | D:2      | Killed Terence
  1371 | D:2      | Reached skill level 4 in Fighting
  1833 | D:3      | Reached skill level 1 in Dodging
  1949 | D:3      | Identified the +6 great mace of True Grit {drain, rPois rF-
                  | rC- Str+8}
  1949 | D:3      | Noticed an ogre
  1950 | D:3      | Noticed ticklebelly's ghost (weakling MiBe)
  1950 | D:3      | Noticed an ogre
  1951 | D:3      | Found a transporter.
  2082 | D:3      | Reached XP level 5. HP: 44/46 MP: 4/4
  2379 | D:4      | Found a staircase to the Ecumenical Temple.
  2401 | D:4      | Noticed an ogre
  2419 | Temple   | Entered the Ecumenical Temple
  2703 | Temple   | Became a worshipper of Warmaster Okawaru
  2733 | D:4      | Killed an ogre
  2734 | D:4      | Reached skill level 1 in Invocations
  3028 | D:4      | Identified the +1 leather armour "Bimouqen" {rPois}
  3081 | D:4      | Reached XP level 6. HP: 37/53 MP: 5/5
  3640 | D:5      | Entered Level 5 of the Dungeon
  3841 | D:5      | Reached * piety under Okawaru
  3842 | D:5      | Reached XP level 7. HP: 37/60 MP: 7/7
  3849 | D:5      | Reached skill level 5 in Fighting
  4104 | D:5      | Noticed Ijyb
  4126 | D:5      | Killed Ijyb
  4194 | D:5      | Slain by an orc warrior

Illustrated notes

Levels and vault maps discovered:
D:1:      onia_arrival_pentagram, layout_basic, serial_curves, eino_curves_04,
          eino_curves_03, ebering_ecumenical_altar_hall, st_stairs_14,
          minmay_misc_feat_room
D:2:      layout_rooms, serial_glass, glass_columns_a, glass_columns_a,
          uniq_terence, uniq_jessica
D:3:      layout_rooms, gammafunk_ghost_smash, roderic_roman_lattice,
          grunt_decor_clamped
D:4:      layout_gridville, temple_pool_b, chequers_serial_rivers_large_a
D:5:      minmay_polygon_palace, layout_rooms, uniq_ijyb
Temple:   nicolae_temple_elliptical

Skill      XL: |  1  2  3  4  5  6  7 |
---------------+----------------------+-----
Axes           | 2 3 4 |  4.0
Stealth        | 1 2 |  2.0
Shields        | 3 |  3.7
Fighting       | 4 5 |  5.4
Armour         | 3 |  3.6
Dodging        | 1 2 |  2.1
Invocations    | 1 2 3 |  3.2

Action                   |  1- 3 |  4- 6 |  7- 9 || total
-------------------------+-------+-------+-------++-------
Melee: War axe           |    11 |     1 |    15 ||    27
       Dagger            |    93 |   184 |    44 ||   321
       Hand axe          |       |       |    10 ||    10
Invok: Heroism           |       |       |     1 ||     1
  Use: Potion            |       |     3 |       ||     3
 Stab: Sleeping          |       |     2 |     1 ||     3
Armor: Scale mail        |     4 |       |       ||     4
       Leather armour    |    46 |    70 |    26 ||   142
Dodge: Dodged            |    62 |   116 |    57 ||   235
Block: Buckler           |    23 |    48 |    27 ||    98

Table legend: (Time is in decaauts)
 A = Elapsed time spent in this place.
 B = Non-inter-level travel time spent in this place.
 C = Inter-level travel time spent in this place.
 D = Time resting spent in this place.
 E = Time spent auto-exploring this place.
 F = Levels seen in this place.
 G = Mean time per level.
                   A        B        C        D        E       F      G
               +--------+--------+--------+--------+--------+-----+--------+
         Total |   4228 |   4098 |    130 |    106 |   3200 |   6 |  704.7 |
       Dungeon |   3924 |   3826 |     98 |      0 |   3047 |   5 |  784.8 |
        Temple |    304 |    272 |     32 |    106 |    153 |   1 |  304.0 |
               +--------+--------+--------+--------+--------+-----+--------+

Top non-repeatable levels by time:
     D:1: 1011 daAuts
     D:4: 983 daAuts
     D:2: 776 daAuts
     D:3: 595 daAuts
     D:5: 557 daAuts
  Temple: 304 daAuts
